PvZ Macro
14 | 0:19 | | |
15 | 0:39 | | |
16 | 0:49 | | |
21 | 1:32 | | Nexus + CyberCore |
21 | 1:39 | | Nexus + Cybercore |
19 | 1:45 | | Gas #2 |
20 | 1:55 | | Supply |
21 | 2:12 | | |
22 | 2:20 | | EARLY StarGate + WarpGates |
25 | 2:30 | | EARLY StarGate + WarpGates |
25 | 2:35 | | |
31 | 2:55 | | Oracle x2 (1/2) |
40 | 3:32 | | Oracle x2 (2/2) |
43 | 3:44 | | EXPANSION 3, then 3Tech |
45 | 3:57 | | 3Tech (1/3) |
45 | 3:59 | | 3Tech (2/3) |
47 | 4:08 | | 3Tech (3/3) |
49 | 4:22 | | |
49 | 4:23 | | |
53 | 4:41 | | |
53 | 4:47 | | |
53 | 4:50 | | |
54 | 4:54 | | |
54 | 4:56 | | |
61 | 5:15 | | |
65 | 5:24 | | |
68 | 5:29 | | |
68 | 5:35 | | |
70 | 5:38 | | |
70 | 5:43 | | |
70 | 5:46 | | |
77 | 5:57 | | |
87 | 6:23 | | |
92 | 6:27 | | |
92 | 6:31 | | |
104 | 7:03 | | |
104 | 7:04 | | |
104 | 7:06 | | |
114 | 7:16 | | |
125 | 7:34 | | |
135 | 7:39 | | |
141 | 7:54 | | |
141 | 7:57 | | |
141 | 8:08 | | |
151 | 8:17 | | |
155 | 8:26 | | |
147 | 8:47 | | |
153 | 8:52 | | |
174 | 9:31 | | |
188 | 9:32 | | |
191 | 9:42 | |
On March 6, 2025, 1:15 p.m., Goodsport said:
Hey there! Quick question about this:
19 Assimilator
20 Pylon
Is that a clerical error by chance? These two actions have lower supply than the two preceding actions.
Or is this maybe under the guise that we would lose a scouting probe or two?
let me know!